 Dungeon Crawl Stone Soup version 0.29.1-15-g9cfb28693d (webtiles) character file.

Game seed: 4573875945032905424

139 BuddhaDhamma the Chopper (level 5, 0/45 HPs)
             Began as a Minotaur Berserker on Mar 1, 2023.
             Was a Believer of Trog.
             Killed from afar by an orc wizard (8 damage)
             ... with a magic dart
             ... on level 4 of the Dungeon.
             The game lasted 00:05:00 (3465 turns).

BuddhaDhamma the Chopper (Minotaur Berserker)       Turns: 3465, Time: 00:05:01

Health: 0/45       AC:  8    Str: 24    XL:     5   Next: 1%
Magic:  4/4        EV:  6    Int:  4    God:    Trog [**....]
Gold:   169        SH:  0    Dex:  9    Spells: 4/4 levels left

rFire   . . .      SeeInvis .   a - +0 hand axe
rCold   . . .      Faith    .   l - +1 kite shield
rNeg    . . .      Spirit   .   c - +0 chain mail
rPois   .          Reflect  .   (helmet restricted)
rElec   .          Harm     .   (no cloak)
rCorr   .          Rampage  .   (no gloves)
Will    .....                   (no boots)
Stlth   ..........              (no amulet)
HPRegen 0.15/turn               (no ring)
MPRegen 0.09/turn               (no ring)

@: confused
A: horns 2, retaliatory headbutt
a: Renounce Religion, Berserk, Trog's Hand


You were on level 4 of the Dungeon.
You worshipped Trog.
Trog was pleased with you.
You visited 1 branch of the dungeon, and saw 4 of its levels.

You collected 169 gold pieces.

Inventory:

Hand Weapons
 a - a +0 hand axe (weapon)
Armour
 c - a +0 chain mail (worn)
 l - a +1 kite shield (worn)
Wands
 g - a wand of quicksilver (2)
Potions
 b - a potion of lignification
 d - a potion of resistance {unknown}
 e - 2 potions of curing
 f - a potion of degeneration {unknown}
 j - a potion of heal wounds {unknown}
 k - 2 potions of flight


   Skills:
 - Level 3.6 Fighting
 + Level 6.9 Axes
 - Level 2.4 Armour
 - Level 2.1 Dodging


You had 4 spell levels left.
You didn't know any spells.
Your spell library was empty.

Dungeon Overview and Level Annotations

Branches:
Dungeon (4/15)
 Temple: D:4-7

Altars:
Okawaru


Innate Abilities, Weirdness & Mutations

You have a pair of horns on your head.
You reflexively headbutt those who attack you in melee.


Message History

The puff of flame hits you! Something hits you but does no damage.
You bump into the rock wall.
Something hits you but does no damage. x2
You're too confused to move!
Something hits you. Something hits you but does no damage.
You bump into the rock wall.
You hear some strange, mumbled words.
You are more confused.
You hear some strange, mumbled words.
You are more confused.
You miss something. Your headbutt misses something.
You hit something but do no damage.
Something hits you but does no damage. x2
You slash something! Your headbutt misses something. You miss something.
You hear some strange, mumbled words.
A puff of flame appears from out of thin air!
The puff of flame hits you! Something hits you but does no damage.
You bump into the rock wall.
You hear some strange, mumbled words.
Something tries to affect you, but you resist.
You hear some strange, mumbled words.
Something tries to affect you, but you resist.
You hit something but do no damage. You completely miss something.
Something hits you.
You hear some strange, mumbled words.
A puff of flame appears from out of thin air!
The puff of flame hits you!
* * * LOW HITPOINT WARNING * * *
You hit something. You closely miss something. Something completely misses you.
You hear some strange, mumbled words.
You are more confused.
You are too confused!
You bump into the rock wall.
Something hits you but does no damage. x2
You bump into the rock wall.
Something completely misses you.
You hear some strange, mumbled words.
Something tries to affect you, but you resist.
You completely miss something. You barely miss something. Something hits you.
* * * LOW HITPOINT WARNING * * *
You hear some strange, mumbled words.
A magic dart appears from out of thin air!
The magic dart hits you!
You die...

#....................
#........)...........
#####............####
#####...........#
#.###........
#.#.......#.#
#.#.#.###.# #.#{#.# #
#.#@#.# #.#{#<#
#.#o......# #........
##....o.# .......
..!...# ......#
......#


You could see an orc.

Vanquished Creatures
  An orc priest (D:3)
  Robin (D:3)
  2 adders (D:2)
  A dart slug (D:1)
  8 orcs
  2 ball pythons
  7 endoplasms
  A giant cockroach (D:3)
  6 hobgoblins
  3 jackals (D:1)
  6 kobolds
  8 bats
  5 frilled lizards
  13 goblins
  5 rats
69 creatures vanquished.

Notes
Turn   | Place    | Note
-------+----------+-------------------------------------------
     0 | D:1      | BuddhaDhamma the Minotaur Berserker began the quest for the
                  | Orb.
     0 | D:1      | Reached XP level 1. HP: 19/19 MP: 0/0
   255 | D:1      | Reached skill level 4 in Axes
   606 | D:1      | Reached XP level 2. HP: 26/26 MP: 1/1
   898 | D:1      | Found a faded altar of an unknown god.
  1275 | D:2      | Reached skill level 5 in Axes
  1275 | D:2      | Reached XP level 3. HP: 23/31 MP: 2/2
  1838 | D:2      | Reached ** piety under Trog
  2591 | D:3      | Found an iron altar of Okawaru.
  2716 | D:3      | Reached skill level 6 in Axes
  2716 | D:3      | Reached XP level 4. HP: 15/39 MP: 3/3
  3094 | D:3      | Noticed Robin
  3108 | D:3      | Killed Robin
  3445 | D:4      | Reached XP level 5. HP: 45/45 MP: 4/4
  3465 | D:4      | Killed from afar by an orc wizard

Illustrated notes

Levels and vault maps discovered:
D:1:      nicolae_arrival_somewhat_less_tricky_arrival, layout_basic,
          ebering_ecumenical_altar_box
D:2:      layout_loops_ring
D:3:      layout_loops_ring, amcnicky_altar_gilded, serial_aquarium,
          aquarium_bridge_square [aquarium_subvault_wall,
          aquarium_subvault_bridge, aquarium_subvault_wall,
          aquarium_subvault_window], aquarium_window_fake, aquarium_window_2,
          aquarium_view_2g, aquarium_view_2e, aquarium_pool_1,
          minmay_misc_feat_secret_circle, uniq_robin
D:4:      layout_basic

Skill      XL: |  1  2  3 |
---------------+----------+-----
Axes           | 4 5 6 |  6.9
Fighting       | |  3.6
Armour         | |  2.4
Dodging        | |  2.1

Action                   |  1- 3 |  4- 6 || total
-------------------------+-------+-------++-------
Melee: Hand axe          |   101 |    51 ||   152
       Headbutt          |     7 |     4 ||    11
       Punch             |     1 |       ||     1
Invok: Berserk           |       |     2 ||     2
  Use: Scroll            |     6 |     3 ||     9
Armor: Ring mail         |    40 |       ||    40
       Animal skin       |     1 |       ||     1
       Chain mail        |     1 |    37 ||    38
Dodge: Dodged            |    51 |    10 ||    61
Block: Kite shield       |     5 |     8 ||    13
